 Dungeon Crawl Stone Soup version 0.20.1-1-g8b1a95d (webtiles) character file.

8559 Mesmaeker13 the Geomancer (level 11, -7/54 HPs)
             Began as a Gargoyle Earth Elementalist on Oct 11, 2017.
             Was a Priest of Sif Muna.
             Killed by the air
             ... invoked by Gastronok
              (34 damage)
             ... on level 1 of the Lair of Beasts.
             The game lasted 00:39:20 (13751 turns).

Mesmaeker13 the Geomancer (GrEE)                   Turns: 13751, Time: 00:39:20

Health: -7/54      AC: 13    Str: 11    XL:     11   Next: 32%
Magic:  11/21      EV: 16    Int: 20    God:    Sif Muna [***...]
Gold:   483        SH:  4    Dex: 10    Spells: 4/24 levels left

rFire    + . .     SeeInvis .   s - +4 trident "Kymes" {drain, +Blink rC+}
rCold    + . .     Gourm    .   R - +0 buckler
rNeg     + . .     Faith    .   S - +0 troll leather armour
rPois    ∞         Spirit   .   o - +1 hat
rElec    +         Reflect  .   (no cloak)
rCorr    .         Harm     .   (no gloves)
MR       .....                  (no boots)
Stlth    ++........             (no amulet)
Regen    0.6/turn               n - ring of protection from fire
MPRegen  0.2/turn               B - +3 ring of evasion

@: no status effects
A: negative energy resistance 1, electricity resistance, unbreathing,
petrification resistance, rot immunity, AC +7
a: Divine Energy, Channel Magic, Renounce Religion, Evoke Blink


You were on level 1 of the Lair of Beasts.
You worshipped Sif Muna.
Sif Muna was most pleased with you.
You were not hungry.

You visited 3 branches of the dungeon, and saw 13 of its levels.

You collected 483 gold pieces.

Inventory:

Hand Weapons
 i - a +4 long sword of holy wrath
 s - the +4 trident "Kymes" (weapon) {drain, +Blink rC+}
   (You found it on level 10 of the Dungeon)

   A truly terrible weapon, it drains the life of those it strikes.
   It protects you from cold.
   It lets you blink.
Missiles
 b - 140 stones (quivered)
Armour
 o - a +1 hat (worn)
 R - a +0 buckler (worn)
 S - a +0 troll leather armour (worn)
Jewellery
 c - an uncursed amulet of regeneration {unknown}
 n - a ring of protection from fire (left hand)
 B - a +3 ring of evasion (right hand)
Wands
 v - a wand of paralysis (6/24)
 A - a wand of acid (7/15)
 H - a wand of lightning (10/15)
 K - a wand of digging (12/24)
 M - a wand of confusion (28/48)
Scrolls
 a - 3 scrolls of amnesia
 h - 4 scrolls of magic mapping
 k - 5 scrolls of remove curse
 l - a scroll of teleportation
 r - 2 scrolls of fear
 D - 2 scrolls of silence
 F - a scroll of enchant armour
Potions
 g - a potion of flight
 m - 2 potions of invisibility {unknown}
 q - a potion of degeneration {unknown}
 w - 2 potions of brilliance {unknown}
 C - 4 potions of curing
 N - a potion of lignification {unknown}
 Q - a potion of heal wounds {unknown}
Books
 e - a book of Geomancy

   Spells                             Type                      Level
   a - Sandblast                      Earth                        1
   b - Passwall                       Transmutation/Earth          2
   c - Stone Arrow                    Conjuration/Earth            3
   d - Petrify                        Transmutation/Earth          4
   e - Lee's Rapid Deconstruction     Earth                        5
 t - a book of Misfortune

   Spells                             Type                      Level
   a - Confusing Touch                Hexes                        1
   b - Confuse                        Hexes                        3
   c - Gell's Gravitas                Translocation                3
   d - Petrify                        Transmutation/Earth          4
   e - Metabolic Englaciation         Hexes/Ice                    5
   f - Yara's Violent Unravelling     Hexes/Transmutation          5
 J - a book of Power

   Spells                             Type                      Level
   a - Iskenderun's Battlesphere      Conjuration/Charms           5
   b - Venom Bolt                     Conjuration/Poison           5
   c - Bolt of Magma                  Conjuration/Fire/Earth       5
   d - Iron Shot                      Conjuration/Earth            6
   e - Orb of Destruction             Conjuration                  7
   f - Spellforged Servitor           Conjuration/Summoning        7
Comestibles
 d - 4 bread rations
 f - 5 royal jellies
 u - 3 meat rations


   Skills:
 - Level 6.0 Armour
 - Level 5.6 Dodging
 - Level 2.2 Stealth
 + Level 2.4 Shields
 + Level 7.0 Spellcasting
 - Level 6.2 Conjurations
 - Level 5.0 Transmutations
 + Level 2.9 Fire Magic
 - Level 10.3 Earth Magic
 + Level 4.7 Invocations


You had 4 spell levels left.
You knew the following spells:

 Your Spells              Type           Power        Failure   Level  Hunger
a - Sandblast             Erth           #####.       1%          1    None
b - Stone Arrow           Conj/Erth      #####.       1%          3    #......
c - Passwall              Tmut/Erth      #####.....   1%          2    None
d - Lee's Rapid Deconstr  Erth           #####.....   6%          5    #####..
e - Petrify               Tmut/Erth      #####...     6%          4    ###....
f - Bolt of Magma         Conj/Fire/Erth ####......   28%         5    #####..


Dungeon Overview and Level Annotations

Branches:
Dungeon (11/15)            Temple (1/1) D:6            Lair (1/6) D:10
    Orc: D:9-12

Altars:
Ashenzari
Cheibriados
Dithmenos
Elyvilon
Fedhas
Gozag
Hepliaklqana
Kikubaaqudgha
Makhleb
Nemelex Xobeh
Okawaru
Qazlal
Ru
Sif Muna
Trog
Uskayaw
Vehumet
Xom
Yredelemnul
Zin
The Shining One

Shops:
D:6 *

Annotations:
D:3 matthes123's ghost, amateur MfGl
D:10 Snorg
Lair:1 Gastronok


Innate Abilities, Weirdness & Mutations

You are resistant to torment.
Your stone body is resilient. (AC +7)
You are immune to poison.
You resist negative energy. (rN+)
You are resistant to electric shocks. (rElec)
You can survive without breathing.
You are immune to petrification.
You are immune to rotting.


Message History

The komodo dragon barely misses you.
Casting: Petrify
Confirm with . or Enter, or press ? or * to list all spells.
Aiming: Petrify
Press: ? - help, Shift-Dir - straight line, f/p - komodo dragon
Aim: a komodo dragon (moderately wounded, lightly drained, chance to defeat MR: 56%)
The komodo dragon resists with significant effort.
The komodo dragon hisses menacingly.
The komodo dragon closely misses you.
Casting: Petrify
Confirm with . or Enter, or press ? or * to list all spells.
Aiming: Petrify
Press: ? - help, Shift-Dir - straight line, f/p - komodo dragon
Aim: a komodo dragon (moderately wounded, lightly drained, chance to defeat MR: 56%)
The komodo dragon is moving more slowly.
The komodo dragon bites you!!
Gastronok waves his eye-stalks in wide circles.
The air twists around and strikes you!
Ouch! That really hurt!
You die...

#+.####..##.######..+...#.##
.........#### #..#...#..#
###..#...# ##......#.## #
####...# #P..+......######
######.(.# ##..#...#........
#.##.#...## #......#........
..........# ### ##...#+.#...<....
.........w###P###................
>..............l@................
####.#############.#P#####.#.####
### ##### #####


You could see Gastronok and a komodo dragon (petrifying).

Vanquished Creatures
  A two-headed ogre (D:9)
  Joseph (D:8)
  A gargoyle (D:9)
  A spiny frog (Lair:1)
  A troll (D:10)
  A hornet (D:9)
  Grinder (D:5)
  A hippogriff (Lair:1)
  A vampire (D:11)
  Eustachio (D:4)
  A wyvern (D:10)
  5 yaks (D:9)
  Grum (D:8)
  A basilisk (D:10)
  An acid dragon (D:10)
  A water moccasin (Lair:1)
  A porcupine (Lair:1)
  A sky beast (D:7)
  3 ice beasts
  2 eyes of draining (D:5)
  A phantom (D:4)
  A hornet zombie (D:8)
  3 ogres (D:5)
  4 orc warriors
  4 wolves (D:8)
  2 centaurs
  2 crocodiles
  3 bullfrogs
  3 big kobolds (D:6)
  A wyvern zombie (D:9)
  2 scorpions
  8 wights
  A crimson imp (D:5)
  2 quasits
  A centaur zombie (D:5)
  7 hounds
  A centaur skeleton (D:8)
  3 jellies
  6 orc wizards
  3 orc priests
  A bullfrog skeleton (D:6)
  Natasha (thrice) (D:4)
  6 iguanas
  9 worker ants
  3 hound skeletons
  A mummy (D:5)
  A worker ant zombie (D:7)
  15 gnolls
  12 adders
  A shadow imp (D:11)
  An ooze (D:4)
  An adder skeleton (D:7)
  3 worms (D:2)
  4 leopard geckos
  28 orcs
  9 giant cockroaches
  9 goblins
  4 hobgoblins
  29 jackals
  3 quokkas
  5 bats
  2 frilled lizards
  A jackal zombie (D:5)
  14 kobolds
  A quokka skeleton (D:4)
  7 rats
258 creatures vanquished.

Vanquished Creatures (others)
  A hobgoblin (D:1)
1 creature vanquished.

Grand Total: 259 creatures vanquished

Notes
Turn   | Place    | Note
-------+----------+-------------------------------------------
     0 | D:1      | Mesmaeker13 the Gargoyle Earth Elementalist began the quest for the Orb.
     0 | D:1      | Reached XP level 1. HP: 10/10 MP: 3/3
   187 | D:1      | Reached skill level 4 in Earth Magic
   187 | D:1      | Reached XP level 2. HP: 15/15 MP: 5/5
   679 | D:1      | Reached XP level 3. HP: 18/19 MP: 6/6
  1002 | D:1      | Learned a level 3 spell: Stone Arrow
  1532 | D:2      | Reached XP level 4. HP: 24/24 MP: 2/7
  1809 | D:2      | Reached skill level 5 in Earth Magic
  1991 | D:2      | Reached skill level 1 in Conjurations
  2385 | D:3      | Reached XP level 5. HP: 28/28 MP: 3/8
  2470 | D:3      | Learned a level 2 spell: Passwall
  2471 | D:3      | Noticed matthes123's ghost (amateur MfGl)
  2730 | D:3      | Found a sacrificial altar of Ru.
  2909 | D:3      | Found a basalt altar of Yredelemnul.
  2909 | D:3      | Found a blossoming altar of Fedhas.
  2909 | D:3      | Found a white marble altar of Elyvilon.
  2909 | D:3      | Found a shadowy altar of Dithmenos.
  2968 | D:3      | Found a glowing golden altar of the Shining One.
  2968 | D:3      | Found a shattered altar of Ashenzari.
  3314 | D:4      | Reached skill level 1 in Armour
  3314 | D:4      | Reached XP level 6. HP: 22/32 MP: 2/9
  3545 | D:4      | Reached skill level 6 in Earth Magic
  3691 | D:4      | Reached XP level 7. HP: 36/36 MP: 3/10
  4222 | D:4      | Noticed Eustachio
  4287 | D:4      | Killed Eustachio
  4502 | D:4      | Reached skill level 7 in Earth Magic
  4508 | D:4      | Reached XP level 8. HP: 36/41 MP: 1/11
  4778 | D:4      | Noticed Natasha
  4858 | D:4      | Killed Natasha
  4999 | D:4      | Noticed Natasha
  5001 | D:4      | Killed Natasha
  5001 | D:4      | Reached skill level 5 in Conjurations
  5045 | D:4      | Noticed Natasha
  5050 | D:4      | Killed Natasha
  5062 | D:4      | Learned a level 5 spell: Lee's Rapid Deconstruction
  5198 | D:5      | Entered Level 5 of the Dungeon
  5388 | D:5      | Found a snail-covered altar of Cheibriados.
  5748 | D:5      | Reached skill level 5 in Armour
  5866 | D:5      | Noticed Grinder
  5866 | D:5      | Paralysed by Grinder for 6 turns
  5878 | D:5      | Killed Grinder
  6118 | D:5      | Found a bloodstained altar of Trog.
  6181 | D:5      | Reached skill level 8 in Earth Magic
  6196 | D:5      | Reached XP level 9. HP: 45/45 MP: 1/15
  6512 | D:6      | Reached skill level 1 in Transmutations
  6700 | D:6      | Found a staircase to the Ecumenical Temple.
  6715 | Temple   | Entered the Ecumenical Temple
  6769 | Temple   | Became a worshipper of Sif Muna the Loreminder
  6934 | D:6      | Found Ehustel's Assorted Antiques.
  7801 | D:7      | Reached * piety under Sif Muna
  7804 | D:7      | Found an ancient bone altar of Kikubaaqudgha.
  7821 | D:7      | Reached skill level 9 in Earth Magic
  8003 | D:7      | Reached skill level 5 in Spellcasting
  8047 | D:7      | Learned a level 4 spell: Petrify
  8967 | D:8      | Found a glowing silver altar of Zin.
  8978 | D:8      | Noticed Joseph
  8983 | D:8      | Killed Joseph
  8983 | D:8      | Reached XP level 10. HP: 42/50 MP: 3/18
  9098 | D:8      | Noticed Grum
  9105 | D:8      | Killed Grum
  9121 | D:8      | Reached ** piety under Sif Muna
  9943 | D:8      | Reached skill level 1 in Invocations
 10654 | D:9      | Noticed a gargoyle
 10656 | D:9      | Killed a gargoyle
 10656 | D:9      | Reached skill level 5 in Dodging
 10656 | D:9      | Reached skill level 10 in Earth Magic
 11529 | D:9      | Learned a level 5 spell: Bolt of Magma
 11642 | D:9      | Found a burning altar of Makhleb.
 11643 | D:9      | Noticed a two-headed ogre
 11650 | D:9      | Killed a two-headed ogre
 11650 | D:9      | Reached skill level 1 in Fire Magic
 11650 | D:9      | Reached XP level 11. HP: 54/54 MP: 4/20
 12119 | D:9      | Reached skill level 5 in Transmutations
 12209 | D:10     | Entered Level 10 of the Dungeon
 12218 | D:10     | Reached skill level 1 in Shields
 12595 | D:11     | Noticed a skeletal warrior
 12596 | D:11     | Noticed a skeletal warrior
 12602 | D:11     | Noticed a skeletal warrior
 12766 | D:10     | Noticed Snorg
 13136 | D:10     | Got a translucent trident
 13139 | D:10     | Identified the +4 trident "Kymes" {drain, +Blink rC+} (You found it on level 10 of the Dungeon)
 13243 | D:10     | Found a staircase to the Lair.
 13384 | Lair:1   | Entered Level 1 of the Lair of Beasts
 13419 | Lair:1   | Reached *** piety under Sif Muna
 13718 | Lair:1   | Noticed Gastronok
 13751 | Lair:1   | Killed from afar by Gastronok

Skill      XL: |  1  2  3  4  5  6  7  8  9 10 11 |
---------------+----------------------------------+-----
Earth Magic    | 4 5 6 7 8 9 10 | 10.3
Dodging        | 2 3 4 5 |  5.6
Conjurations   | 1 2 3 4 6 |  6.2
Armour         | 1 2 4 5 6 |  6.0
Spellcasting   | 4 5 6 7 |  7.0
Transmutations | 3 4 5 |  5.0
Invocations    | 3 4 |  4.7
Fire Magic     | 1 2 |  2.9
Shields        | 2 |  2.4
Stealth        | |  2.2

Action                   |  1- 3 |  4- 6 |  7- 9 | 10-12 || total
-------------------------+-------+-------+-------+-------++-------
Melee: Spear             |   132 |    60 |       |       ||   192
       Unarmed           |     3 |       |       |       ||     3
       Club              |     1 |       |       |       ||     1
       Short sword       |       |    44 |   245 |   113 ||   402
       Trident           |       |       |       |    32 ||    32
 Fire: Blowgun           |       |       |       |     4 ||     4
 Cast: Sandblast         |    15 |    49 |    40 |    33 ||   137
       Stone Arrow       |     1 |     7 |    75 |    54 ||   137
       Lee's Rapid Decon |       |       |     9 |    16 ||    25
       Petrify           |       |       |       |     4 ||     4
       Bolt of Magma     |       |       |       |     1 ||     1
Invok: Divine Energy     |       |       |       |     2 ||     2
       Stop Divine Energ |       |       |       |     2 ||     2
Evoke: Wand              |       |       |     1 |     5 ||     6
  Use: Scroll            |     1 |     2 |     6 |    10 ||    19
       Potion            |       |       |       |     1 ||     1
 Stab: Sleeping          |     4 |     4 |     5 |     1 ||    14
       Distracted        |     2 |       |       |       ||     2
       Paralysed         |       |     1 |     3 |     6 ||    10
       Petrified         |       |       |       |    15 ||    15
  Eat: Chunk             |     2 |     9 |    23 |    15 ||    49
       Fruit             |       |       |     2 |     4 ||     6
       Bread ration      |       |       |       |     1 ||     1
Armor: Robe              |    44 |    37 |    80 |    39 ||   200
       Troll leather arm |       |       |       |    54 ||    54
Dodge: Dodged            |    90 |    67 |   201 |   165 ||   523
Block: Buckler           |       |       |       |     5 ||     5
